 Dungeon Crawl Stone Soup version 0.16-a0-3946-g4f19e5c (webtiles) character file.

143596 Econoterrorist the Unseen (level 16, -3/84 HPs)
             Began as a Spriggan Enchanter on Feb 9, 2015.
             Was a High Priest of Dithmenos.
             Shot with a bolt by a naga sharpshooter (27 damage)
             ... on level 3 of the Snake Pit.
             The game lasted 03:15:53 (46857 turns).

Econoterrorist the Unseen (Spriggan Enchanter)     Turns: 46857, Time: 03:15:53

Health: -3/84      AC:  6    Str:  4    XL:     16   Next: 83%
Magic:  33/36      EV: 30    Int: 27    God:    Dithmenos [*****.]
Gold:   3164       SH: 11    Dex: 17    Spells: 6 memorised, 15 levels left

rFire  + . .     SeeInvis +     m - +0 rapier (elec)
rCold  + + +     Clarity  .     K - +2 robe {rN+}
rNeg   + + .     SustAb   .     y - +2 buckler
rPois  +         Gourm    .     x - +2 hat
rElec  +         Spirit   .     r - +1 cloak
rCorr  .         Warding  +     (gloves unavailable)
rMut   .         Stasis   .     (boots unavailable)
MR     +++..                    T - amulet of warding
Stlth  ++++++++++               Q - ring "Foiwan" {rElec MR+ MP+9 Int+4}
                                v - ring of Tension {rPois+ rF+ rC+++ MP-9 AC-3}

@: wreathed by umbra, very quick, extremely resistant to hostile enchantments,
uncannily stealthy
A: unfitting armour, icy blue scales 1, see invisible, herbivore 3, speed 3,
slow metabolism 2
a: Shadow Step, Shadow Form, Renounce Religion


You were on level 3 of the Snake Pit.
You worshipped Dithmenos.
Dithmenos was extremely pleased with you.
You were not hungry.

You visited 5 branches of the dungeon, and saw 31 of its levels.
You also visited: Labyrinth, Trove, Ice Cave and Volcano.

You collected 3500 gold pieces.
You spent 336 gold pieces at shops.

Inventory:

Hand weapons
 m - a +0 rapier of electrocution (weapon)
 t - a +2 rapier of freezing
 R - a +1 rapier of draining
 W - a +5 dagger of venom
Missiles
 B - a throwing net (quivered)
Armour
 r - a +1 cloak (worn)
 x - a +2 hat (worn)
 y - a +2 buckler (worn)
 K - a +2 robe of positive energy (worn)
Jewellery
 q - an uncursed ring of protection from fire
 v - the ring of Tension (left hand) {rPois+ rF+ rC+++ MP-9 AC-3}
   (You found it on level 8 of the Lair of Beasts)

   [ring of protection]

   It affects your AC (-3).
   It protects you from fire.
   It renders you almost immune to cold.
   It protects you from poison.
   It affects your magic capacity (-9).
 C - the amulet of the Empty Page {Stasis rC+}
   (You found it in a treasure trove)

   [amulet of stasis]

   It prevents you from being teleported, slowed, hasted or paralysed.
   It protects you from cold.
 J - an uncursed amulet of regeneration
 M - an uncursed ring of flight
 Q - the ring "Foiwan" (right hand) {rElec MR+ MP+9 Int+4}
   (You found it in a treasure trove)

   [ring of protection from magic]

   It affects your intelligence (+4).
   It insulates you from electricity.
   It affects your resistance to hostile enchantments.
   It affects your magic capacity (+9).
 T - an amulet of warding (around neck)
 U - an uncursed amulet of clarity
 X - an uncursed amulet of resist mutation
Magical devices
 c - a wand of digging (17)
 p - a wand of draining (6)
 D - a wand of cold (4)
 G - a wand of lightning (7)
 L - a wand of draining (4)
 Z - a wand of lightning (0)
Scrolls
 a - 3 scrolls of teleportation
 b - 4 scrolls of enchant armour
 e - 7 scrolls of enchant weapon
 g - 7 scrolls of recharging
 h - 2 scrolls of brand weapon
 j - 8 scrolls of identify
 l - 6 scrolls of fog
 z - 7 scrolls of remove curse
Potions
 f - 8 potions of curing
 i - 4 potions of resistance
 k - a potion of lignification
 o - 2 potions of invisibility
 u - 6 potions of restore abilities
 w - 3 potions of berserk rage
 A - 2 potions of agility
 F - 3 potions of flight
 V - 3 potions of might
Books
 n - a Young Poisoner's Handbook

   Spells                             Type                      Level
   a - Sting                          Conjuration/Poison           1
   b - Cure Poison                    Poison                       2
   c - Mephitic Cloud                 Conjuration/Poison/Air       3
   d - Olgreb's Toxic Radiance        Poison                       4
   e - Venom Bolt                     Conjuration/Poison           5
 s - the Disquisition on Talismans
   (You found it on level 1 of the Snake Pit)

   Spells                             Type                      Level
   a - Song of Slaying                Charms                       2
   b - Flight                         Charms/Air                   3
   c - Deflect Missiles               Charms/Air                   6
 E - a book of Callings

   Spells                             Type                      Level
   a - Summon Small Mammal            Summoning                    1
   b - Call Imp                       Summoning                    2
   c - Call Canine Familiar           Summoning                    3
   d - Summon Guardian Golem          Hexes/Summoning              4
   e - Summon Lightning Spire         Summoning/Air                4
   f - Summon Ice Beast               Ice/Summoning                4
Miscellaneous
 Y - a phial of floods
Comestibles
 d - 17 bread rations
 H - 11 royal jellies


   Skills:
 - Level 9.1 Fighting
 - Level 14.0 Short Blades
 - Level 14.1 Dodging
 - Level 16.0 Stealth
 - Level 9.4 Shields
 - Level 10.2 Spellcasting
 - Level 13.0 Hexes
 + Level 9.2 Charms
 - Level 8.0 Translocations
 - Level 6.1 Air Magic
 - Level 10.0 Evocations


You had 15 spell levels left.
You knew the following spells:

 Your Spells              Type           Power        Failure   Level  Hunger
a - Flight                Chrm/Air       ######....   1%          3    None
b - Ensorcelled Hibernat  Hex/Ice        #####.       1%          2    None
c - Confuse               Hex            ######..     1%          3    None
d - Enslavement           Hex            ######..     1%          4    None
e - Blink                 Tloc           N/A          1%          2    None
f - Deflect Missiles      Chrm/Air       ######....   30%         6    #####..


Dungeon Overview and Level Annotations

Branches:
Dungeon (14/15)            Temple (0/1) D:7            Lair (8/8) D:9
  Swamp (0/5) Lair:6        Snake (3/5) Lair:5        Slime (0/6) Lair:6
    Orc (4/4) D:9             Elf (2/3) Orc:3        Vaults (0/5) D:13

Altars:
Dithmenos
Makhleb
Nemelex Xobeh
Trog
Vehumet
Yredelemnul
The Shining One
Beogh

Shops:
D:4 :   D:6 :   D:7 [   D:12 =   D:14 (   Orc:3 [*   Orc:4 (*[:   Elf:1 (

Annotations:
D:11 exclusion: 2 statues
Lair:3 exclusion: oklob plant
Snake:3 exclusion: Roxanne, Roxanne


Innate Abilities, Weirdness & Mutations

You are tiny and cannot use many weapons and most armour.
You have supernaturally acute eyesight.
You are a herbivore.
You cover ground extremely quickly.
You need consume almost no food.
You are partially covered in icy blue scales (AC +1).


Message History

The naga sharpshooter is severely wounded.
The naga sharpshooter casts a spell.
The naga sharpshooter magically shoots a bolt.
The bolt hits you!!
* * * LOW HITPOINT WARNING * * *
You barely miss the naga sharpshooter.
The naga sharpshooter is severely wounded.
You hit the naga sharpshooter.
The naga sharpshooter is severely wounded.
The naga sharpshooter spits poison at you.
The splash of poison hits you! You resist.
* * * LOW HITPOINT WARNING * * *
Casting: Confuse
Confirm with . or Enter, or press ? or * to list all spells.
Aiming: Confuse
Press: ? - help, Shift-Dir - straight line, f - naga sharpshooter
Aim: a naga sharpshooter, wielding an arbalest and wearing a robe (severely wounded, catching its breath, umbra, chance 31%)
The naga sharpshooter easily resists.
The naga sharpshooter shoots a bolt.
The bolt hits you!!
You die...

..#.....### #..).#...............
.........####....#...#...........
#..##......[#)...#((.#.....###..[
...###...#)))...##)###....####..)
.#.###.....#)##.##.#(..........#.
....##.....#....#.)(....รท....###.
..#.##.....##...#.(.....##...###.
....###..##..........(...........
##.###...#..##..@..####..?.###...
#..#...#.#.####N.######....# #...
#.....##...###...#...#.....# #...
.....##..####........#..##.# ####
.....#...# #...###...#..##.###
.........###...#####.#..# ...#
..........##..[#...#....# ##.#
.#........#...##...##..## #.#
.##....##.#...##...##.######.# ##


You could see a naga sharpshooter.

Vanquished Creatures
  Asterion (Snake:3)
  A frost giant (IceCv)
  Maud (Lair:5)
  Aizul (Snake:1)
  2 orc warlords (Orc:4)
  A deep elf demonologist (Elf:2)
  4 deep elf death magi (Elf:1)
  A minotaur (Lab)
  Josephine (D:14)
  Fannar (Lair:2)
  Harold (Lair:6)
  4 naga warriors
  2 hydras
  4 anacondas
  6 dancing weapons (Elf:2)
  2 centaur warriors
  3 death yaks
  6 naga sharpshooters
  5 orc high priests
  Urug (Orc:4)
  A shock serpent (Snake:2)
  Nergalle (D:14)
  13 deep elf knights
  Erolcha (Orc:2)
  7 deep elf summoners
  An ice statue (IceCv)
  2 naga ritualists (Snake:1)
  2 unseen horrors (D:14)
  3 hill giants
  12 deep elf conjurers
  3 orc knights
  5 orc sorcerers
  6 ugly things
  4 mana vipers
  A necromancer (D:13)
  2 cyclopes (D:14)
  2 manticores
  3 griffons (Lair:7)
  A guardian serpent (Snake:2)
  5 slime creatures (D:12)
  6 salamanders
  3 molten gargoyles (Volcano)
  Maurice (D:8)
  11 naga magi
  A torpor snail (Lair:3)
  12 black mambas
  7 gargoyles
  9 komodo dragons
  A queen ant (Lair:1)
  13 spiny frogs
  5 deep elf priests
  2 wandering mushrooms (Lab)
  2 spriggan druids (Lair:8)
  A queen bee (D:11)
  4 fire drakes
  20 polar bears
  3 trolls
  2 blink frogs (Lair:7)
  4 two-headed ogres
  A shadow (Lab)
  A basilisk (Lair:5)
  9 redbacks (Lair:8)
  9 spriggans
  45 yaks
  A vampire (D:13)
  A fire bat (Volcano)
  A hungry ghost (D:13)
  3 wyverns
  2 fire elementals (Volcano)
  18 deep elf magi
  9 hippogriffs
  11 deep elf fighters
  3 wraiths (D:14)
  2 vampire mosquitoes (D:14)
  38 wolves
  Menkaure (D:4)
  8 wargs
  35 nagas
  8 porcupines
  7 soldier ants (Lair:1)
  5 black bears
  2 wasps (Lair:8)
  A small abomination (Elf:2)
  23 water moccasins
  A mottled dragon (D:14)
  4 ice beasts
  A phantom (D:6)
  5 sky beasts
  40 orc warriors
  7 ogres
  3 boring beetles
  7 crocodiles
  8 centaurs
  23 giant frogs
  3 big kobolds
  3 scorpions
  26 killer bees (D:11)
  2 quasits
  3 wights (D:7)
  2 crimson imps
  2 giant frog zombies
  3 centaur zombies
  12 jellies
  A giant frog skeleton (D:4)
  An electric eel (Lair:6)
  Crazy Yiuf (D:2)
  26 orc priests
  13 hounds
  6 iguanas
  A lava snake (Volcano)
  40 orc wizards
  4 centaur skeletons
  A hell rat (Elf:1)
  34 worker ants
  9 sheep
  Ijyb (D:7)
  A mummy (D:6)
  29 adders
  5 gnolls
  67 river rats
  6 shadow imps
  3 worms
  4 adder skeletons
  2 adder zombies
  An orc skeleton (D:6)
  4 giant geckos
  6 oozes
  164 orcs
  2 bat zombies
  10 giant cockroaches
  A gnoll zombie (D:6)
  21 hobgoblins
  17 jackals
  12 quokkas
  2 ball pythons
  13 bats
  A giant cockroach zombie (D:5)
  3 giant newts
  25 goblins
  30 kobolds
  17 rats
  2 ballistomycetes (D:11)
1215 creatures vanquished.

Vanquished Creatures (collateral kills)
  Nikola (Snake:1)
  A yak (IceCv)
  A deep elf mage (Elf:2)
  A deep elf fighter (Elf:2)
  4 orcs (Orc:4)
8 creatures vanquished.

Vanquished Creatures (others)
  The ghost of MrRokkomies the Champion of Chaos, a powerful DDNe of Makhleb (IceCv)
  A death yak (IceCv)
  4 polar bears (IceCv)
  A water elemental (Elf:2)
  A yak (IceCv)
  A deep elf fighter (Elf:2)
  3 nagas
  2 wolves (IceCv)
  3 lost souls (Elf:1)
  A giant spore (D:11)
  A ballistomycete (D:11)
  2 fungi
21 creatures vanquished.

Grand Total: 1244 creatures vanquished

Notes
Turn   | Place    | Note
--------------------------------------------------------------
     0 | D:1      | Econoterrorist, the Spriggan Enchanter, began the quest for the Orb.
     0 | D:1      | Reached XP level 1. HP: 9/9 MP: 4/4
   159 | D:1      | Reached skill level 5 in Stealth
   318 | D:1      | Reached XP level 2. HP: 13/13 MP: 5/7
   342 | D:1      | Learned a level 2 spell: Ensorcelled Hibernation
   724 | D:1      | Reached skill level 6 in Stealth
  1200 | D:2      | Reached XP level 3. HP: 16/16 MP: 9/9
  1205 | D:2      | Learned a level 3 spell: Confuse
  1308 | D:2      | Reached skill level 7 in Stealth
  1516 | D:2      | Reached XP level 4. HP: 21/21 MP: 12/12
  1703 | D:2      | Noticed Crazy Yiuf
  1709 | D:2      | Killed Crazy Yiuf
  1709 | D:2      | Reached skill level 8 in Stealth
  2601 | D:3      | HP: 1/21 [orc/club (4)]
  2910 | D:3      | Reached XP level 5. HP: 24/24 MP: 10/17
  3085 | D:3      | Noticed an ogre
  3096 | D:3      | Killed an ogre
  3096 | D:3      | Reached skill level 5 in Spellcasting
  3128 | D:3      | Reached XP level 6. HP: 28/28 MP: 21/21
  4053 | D:4      | Found a glowing golden altar of the Shining One.
  4112 | D:4      | Found a basalt altar of Yredelemnul.
  4160 | D:4      | Reached skill level 5 in Hexes
  4324 | D:4      | Noticed Menkaure
  4336 | D:4      | Killed Menkaure
  4336 | D:4      | Reached XP level 7. HP: 32/32 MP: 24/24
  4359 | D:4      | Found Oczaics' Book Boutique.
  4779 | D:5      | Entered Level 5 of the Dungeon
  5043 | D:5      | Reached skill level 5 in Short Blades
  5087 | D:5      | Reached XP level 8. HP: 16/36 MP: 20/25
  5555 | D:5      | Found a shadowy altar of Dithmenos.
  5585 | D:5      | Became a worshipper of Dithmenos the Shadowed
  5715 | D:6      | Reached skill level 9 in Stealth
  5859 | D:6      | Reached skill level 10 in Stealth
  6861 | D:6      | Reached skill level 11 in Stealth
  7158 | D:6      | Reached skill level 12 in Stealth
  7285 | D:6      | Reached skill level 13 in Stealth
  7297 | D:6      | Reached XP level 9. HP: 27/39 MP: 21/26
  7441 | D:6      | Reached skill level 14 in Stealth
  7471 | D:6      | Found Culab's Book Shop.
  8210 | D:7      | Found Veumaobb's Armour Shop.
  8216 | D:7      | Acquired Dithmenos' first power
  8296 | D:7      | Reached skill level 15 in Stealth
  8437 | D:7      | Reached skill level 5 in Dodging
  8571 | D:7      | Found a staircase to the Ecumenical Temple.
  8574 | D:7      | Noticed Ijyb
  8608 | D:7      | Killed Ijyb
  9414 | D:8      | Found a bloodstained altar of Trog.
  9443 | D:8      | Acquired Dithmenos' second power
  9700 | D:8      | Reached XP level 10. HP: 44/44 MP: 14/28
  9947 | D:8      | Noticed Maurice
  9955 | D:8      | Killed Maurice
 10908 | D:9      | Found a staircase to the Orcish Mines.
 10931 | D:9      | Acquired Dithmenos' third power
 11273 | D:9      | Found a staircase to the Lair.
 12208 | D:10     | Entered Level 10 of the Dungeon
 12235 | D:10     | Reached skill level 10 in Short Blades
 12558 | D:10     | Learned a level 4 spell: Enslavement
 12561 | D:10     | Learned a level 2 spell: Blink
 12605 | D:10     | Acquired Dithmenos' fourth power
 12744 | D:10     | Noticed a hill giant
 12752 | D:10     | Killed a hill giant
 12757 | D:10     | Reached XP level 11. HP: 43/47 MP: 25/31
 13284 | D:11     | Got an encrusted blowgun
 13285 | D:11     | Identified the +7 blowgun of the Assorted Tales {evade, rC+ rN+} (You found it on level 11 of the Dungeon)
 13425 | D:11     | Reached skill level 10 in Spellcasting
 14510 | D:12     | Found Xass' Jewellery Shoppe.
 14626 | D:12     | Reached skill level 1 in Shields
 14959 | D:12     | You fall through a shaft for 2 floors!
 14963 | D:14     | Noticed Nergalle
 14963 | D:14     | Noticed an unseen horror
 14967 | D:14     | Killed an unseen horror
 14970 | D:14     | Killed Nergalle
 14991 | D:14     | Noticed an unseen horror
 14995 | D:14     | Killed an unseen horror
 14995 | D:14     | Reached skill level 5 in Shields
 15075 | D:14     | Noticed Josephine
 15101 | D:14     | Killed Josephine
 15101 | D:14     | Reached XP level 12. HP: 44/51 MP: 15/33
 15265 | D:14     | Found Etair's Antique Weapon Boutique.
 15439 | D:14     | Noticed a centaur warrior
 15443 | D:14     | Killed a centaur warrior
 15750 | D:13     | Found a sparkling altar of Nemelex Xobeh.
 16013 | D:13     | Noticed a centaur warrior
 16019 | D:13     | Killed a centaur warrior
 16403 | D:13     | Found a gate to the Vaults.
 16685 | D:12     | Noticed a hill giant
 16688 | D:12     | Killed a hill giant
 16751 | D:12     | Reached skill level 1 in Evocations
 16890 | Lair:1   | Entered Level 1 of the Lair of Beasts
 17398 | Lair:1   | Reached skill level 5 in Evocations
 17649 | Lair:1   | Reached XP level 13. HP: 55/55 MP: 34/34
 18299 | Lair:2   | Noticed Fannar
 18307 | Lair:2   | Killed Fannar
 18796 | Lair:3   | Reached skill level 10 in Evocations
 18811 | Lair:3   | Reached skill level 1 in Translocations
 19136 | Lair:3   | Reached skill level 5 in Translocations
 20296 | Lair:4   | Found a basalt altar of Yredelemnul.
 20722 | Lair:4   | Reached skill level 1 in Fighting
 21069 | Lair:5   | Noticed Maud
 21075 | Lair:5   | Killed Maud
 21414 | Lair:5   | Found a staircase to the Snake Pit.
 21596 | Lair:5   | Found a labyrinth entrance.
 21604 | Lab      | Entered a labyrinth
 22279 | Lab      | Reached skill level 5 in Fighting
 22518 | Lair:5   | Got a jewelled rapier
 22519 | Lair:5   | Lost strength.
 22519 | Lair:5   | Identified the +4 rapier of Roonuf {freeze, rPois+ Str-4 Int+7} (You found it on level 5 of the Lair of Beasts)
 22712 | Lair:6   | Found a staircase to the Swamp.
 23094 | Lair:6   | Found a staircase to the Slime Pits.
 23210 | Lair:6   | Reached XP level 14. HP: 70/70 MP: 35/35
 23334 | Lair:6   | Noticed Harold
 23341 | Lair:6   | Killed Harold
 24471 | Lair:8   | Entered Level 8 of the Lair of Beasts
 25676 | Lair:8   | Got a twitching platinum ring
 25688 | Lair:8   | Identified the cursed ring of Tension {rPois+ rF+ rC+++ MP-9 AC-3} (You found it on level 8 of the Lair of Beasts)
 27131 | Orc:1    | Entered Level 1 of the Orcish Mines
 27160 | Orc:1    | Found a dark tunnel.
 27169 | Volcano  | Entered a volcano
 27424 | Volcano  | Found a radiant altar of Vehumet.
 27811 | Orc:1    | Found a roughly hewn altar of Beogh.
 28014 | Orc:2    | Found a roughly hewn altar of Beogh.
 28080 | Orc:2    | Found a frozen archway.
 28279 | IceCv    | Entered an ice cave
 28901 | IceCv    | Killed MrRokkomies' ghost
 29282 | IceCv    | Noticed a frost giant
 29351 | IceCv    | Killed a frost giant
 29351 | IceCv    | Reached XP level 15. HP: 24/78 MP: 3/36
 29757 | IceCv    | Identified a +6 rod of ignition (14/14) (You found it in an ice cave)
 30046 | Orc:2    | Noticed Erolcha
 30052 | Orc:2    | Killed Erolcha
 31573 | Orc:3    | Found Thrucvan's General Store.
 31596 | Orc:3    | Found Qaequyg's Armour Shop.
 31608 | Orc:3    | Found a radiant altar of Vehumet.
 31900 | Orc:3    | Found a staircase to the Elven Halls.
 31963 | Orc:4    | Entered Level 4 of the Orcish Mines
 31963 | Orc:4    | Found Ipuusaum's General Store.
 32753 | Orc:4    | Found Blarrozu's Antique Armour Shop.
 32759 | Orc:4    | Reached skill level 10 in Dodging
 32879 | Orc:4    | Found Mam Uga's Book Shop.
 33173 | Orc:4    | Noticed Urug
 33182 | Orc:4    | Killed Urug
 33240 | Orc:4    | Found Cionoana's Antique Weapon Shoppe.
 33248 | Orc:4    | Bought a warped short sword for 216 gold pieces
 33249 | Orc:4    | Identified the cursed -2 short sword "Halinono" {freeze, rPois- rN+ MR+} (You bought it in a shop on level 4 of the Orcish Mines)
 33989 | Elf:1    | Entered Level 1 of the Elven Halls
 34764 | Elf:1    | Found a portal to a secret trove of treasure.
 36490 | Elf:1    | Found Ikkegg's Weapon Shop.
 37047 | Elf:1    | Reached skill level 10 in Hexes
 37449 | Elf:2    | Found a burning altar of Makhleb.
 38613 | Elf:2    | Reached XP level 16. HP: 84/84 MP: 27/36
 38615 | Elf:2    | Found a runed gate.
 38615 | Elf:2    | Found a runed gate.
 38615 | Elf:2    | Found a runed gate.
 39799 | Snake:1  | Entered Level 1 of the Snake Pit
 40071 | Orc:4    | Bought a potion of haste for 120 gold pieces
 40143 | Elf:1    | You paid a toll of 7 potions of haste to enter a treasure trove
 40144 | Trove    | Entered a treasure trove
 40153 | Trove    | Got a twitching ruby amulet
 40174 | Trove    | Identified the amulet of the Empty Page {Stasis rC+} (You found it in a treasure trove)
 40188 | Trove    | Gained mutation: You are partially covered in icy blue scales (AC +1). [potion of beneficial mutation]
 40206 | Trove    | Got a twitching jade ring
 40207 | Trove    | Identified the ring "Foiwan" {rElec MR+ MP+9 Int+4} (You found it in a treasure trove)
 40729 | Snake:1  | Noticed Aizul
 40732 | Snake:1  | Killed Aizul
 41084 | Snake:1  | Reached skill level 16 in Stealth
 41245 | Snake:1  | Identified the Disquisition on Talismans
 41252 | Snake:1  | Learned a level 3 spell: Flight
 41278 | Snake:1  | Reached skill level 1 in Charms
 41310 | Snake:1  | Noticed Nikola
 42356 | Snake:1  | Reached skill level 5 in Charms
 42412 | Snake:1  | Learned a level 6 spell: Deflect Missiles
 42426 | Snake:1  | Killed Nikola
 42972 | Snake:2  | HP: 1/84 [mana viper[the player character] (18)]
 43416 | Snake:2  | Reached skill level 1 in Air Magic
 45456 | Snake:3  | Noticed Roxanne
 45524 | Snake:3  | Reached skill level 5 in Air Magic
 45902 | Snake:3  | Noticed Asterion
 45904 | Snake:3  | Killed Asterion
 46857 | Snake:3  | Shot with a bolt by a naga sharpshooter

Action                   |  1- 3 |  4- 6 |  7- 9 | 10-12 | 13-15 | 16-18 || total
-------------------------+-------+-------+-------+-------+-------+-------++-------
Melee: Dagger            |    86 |   122 |   273 |   571 |   321 |    61 ||  1434
       Short sword       |       |     1 |       |       |       |       ||     1
       Rapier            |       |       |       |       |  1682 |   493 ||  2175
 Cast: Corona            |     1 |       |       |       |       |       ||     1
       Ensorcelled Hiber |    11 |    42 |   133 |   197 |   308 |    83 ||   774
       Confuse           |       |     3 |    30 |    28 |    51 |    29 ||   141
       Enslavement       |       |       |       |       |     5 |     3 ||     8
       Deflect Missiles  |       |       |       |       |       |     2 ||     2
Invok: Shadow Step       |       |       |       |       |     7 |     6 ||    13
Evoke: Wand              |       |       |       |     1 |    10 |     3 ||    14
       Phial of floods   |       |       |       |       |     3 |     1 ||     4
  Use: Scroll            |       |     4 |     8 |    11 |    19 |     8 ||    50
       Potion            |       |     1 |       |     2 |     3 |     5 ||    11
 Stab: Sleeping          |    17 |    43 |   105 |   177 |   365 |    56 ||   763
       Confused          |       |     2 |    16 |    14 |    27 |    14 ||    73
       Distracted        |       |     1 |     2 |     3 |    17 |     5 ||    28
       Fleeing           |       |       |       |       |     1 |       ||     1
       Invisible         |       |       |       |       |     1 |       ||     1
  Eat: Fruit             |       |     1 |     2 |     4 |     5 |       ||    12
       Pizza             |       |     1 |     1 |       |     6 |     1 ||     9
       Bread ration      |       |       |     1 |       |       |       ||     1
       Royal jelly       |       |       |       |       |     5 |     4 ||     9
